 Dungeon Crawl Stone Soup version 0.20-a0-493-g19c8d8d (webtiles) character file.

377 Faca the Ruffian (level 6, -1/51 (52) HPs)
             Began as a Ghoul Monk on Jan 16, 2017.
             Was a Believer of Trog.
             Shot with a stone by a goblin (5 damage)
             ... on level 4 of the Dungeon.
             The game lasted 00:14:25 (3126 turns).

Faca the Ruffian (Ghoul Monk)                       Turns: 3126, Time: 00:14:26

HP:   -1/51 (52)    AC:  5    Str: 20    XL:     6   Next: 73%
MP:   5/5           EV: 12    Int:  5    God:    Trog [**....]
Gold: 184           SH:  0    Dex: 13    Spells: 5/5 levels left

rFire    . . .     SeeInvis .     - Unarmed
rCold    + . .     Gourm    .   n - +0 ring mail
rNeg     + + +     Faith    .   (no shield)
rPois    ∞         Spirit   .   (no helmet)
rElec    .         Reflect  .   (no cloak)
rCorr    .         Harm     .   (no gloves)
MR       .....                  (no boots)
Stlth    ++........             c - amulet of magic regeneration
Regen    0.1/turn               l - +3 ring of strength
                                a - +2 ring of strength

@: rotting
A: rotting body, claws 1, carnivore 3, cold resistance 1, negative energy
resistance 3, slow regeneration 1, torment resistance, unbreathing
a: Trog's Hand, Burn Spellbooks, Renounce Religion


You were on level 4 of the Dungeon.
You worshipped Trog.
Trog was pleased with you.
You were not hungry.

You visited 1 branch of the dungeon, and saw 4 of its levels.

You collected 184 gold pieces.

Inventory:

Armour
 n - a +0 ring mail (worn)
Jewellery
 a - a +2 ring of strength (left claw)
 c - an amulet of magic regeneration (around neck)
 l - a +3 ring of strength (right claw)
Scrolls
 h - a scroll of enchant armour
 m - a scroll of fog
Potions
 d - 2 potions of degeneration {unknown}
 e - a potion of brilliance {unknown}
 f - a potion of magic
 g - 2 potions of cancellation {unknown}
 i - 2 potions of ambrosia {unknown}
 j - 2 potions of lignification {unknown}
Comestibles
 b - 2 meat rations


   Skills:
 + Level 3.7 Fighting
 + Level 2.2 Armour
 + Level 3.9 Dodging
 + Level 3.0 Stealth
 + Level 5.9 Unarmed Combat


You had 5 spell levels left.
You didn't know any spells.

Dungeon Overview and Level Annotations

Branches:
Dungeon (4/15)
 Temple: D:4-7

Altars:
Ashenzari
Nemelex Xobeh
Ru
Trog
Uskayaw


Innate Abilities, Weirdness & Mutations

Your body is rotting away.
You thrive on raw meat.
You are immune to poison.
You have sharp fingernails.
You are carnivorous and can eat meat at any time.
Your flesh is cold resistant. (rC+)
You are immune to negative energy. (rN+++)
You regenerate slowly when monsters are visible.
You are immune to unholy pain and torment.
You can survive without breathing.


Message History

The centaur shoots an arrow.
The arrow hits you.
* * * LOW HITPOINT WARNING * * *
Things that are here:
an arrow; a stone The jackal barks!
The goblin shoots a stone.
The stone misses you.
The goblin shoots a stone.
The stone barely misses you.
The centaur shoots an arrow.
The arrow misses you.
A jackal comes into view.
You see here a stone.
The centaur shoots an arrow.
The arrow hits you.
* * * LOW HITPOINT WARNING * * *
You see here an arrow.
The goblin shoots a stone.
The stone hits you.
* * * LOW HITPOINT WARNING * * *
The goblin shoots a stone.
The stone closely misses you.
You see here a stone.
The goblin shoots a stone.
The stone hits you but does no damage.
You see here a stone.
The goblin shoots a stone.
The stone hits you.
You die...

..≈≈####### #....
c≈≈......#### ## . #...
≈≈.........##... .. #≈≈≈
#.............. #'''##≈≈≈
#%............. ≈...≈≈≈≈#
#............... ≈...≈≈..#
#...(...........
#...#...########..(..........
#.....cgg(((@(...............
#####...h(######.............
#...#.(...##............
#...##.(..##.#......#....
######....##.####...##...
#....##.#.......##..
#.....#.#.......#...
#.....#.#...........
#...............#...


You could see a centaur, a jackal and 2 goblins.

Vanquished Creatures
  The ghost of Anna the Skirmisher, a weakling OgAM (D:3)
  2 scorpions (D:4)
  A hound (D:4)
  An orc wizard (D:4)
  A worker ant (D:4)
  2 adders (D:2)
  An ooze (D:3)
  An adder skeleton (D:4)
  3 worms (D:3)
  A dart slug (D:3)
  6 leopard geckos
  9 orcs (D:3)
  2 giant cockroaches
  9 goblins
  11 hobgoblins
  6 jackals
  3 quokkas (D:3)
  10 bats
  5 frilled lizards
  4 kobolds
  26 rats
105 creatures vanquished.

Notes
Turn   | Place    | Note
-------+----------+-------------------------------------------
     0 | D:1      | Faca the Ghoul Monk began the quest for the Orb.
     0 | D:1      | Reached XP level 1. HP: 19/19 MP: 0/0
   252 | D:1      | Reached XP level 2. HP: 22/25 MP: 1/1
  1151 | D:1      | Reached XP level 3. HP: 29/30 MP: 2/2
  1456 | D:2      | Found a shattered altar of Ashenzari.
  1505 | D:2      | Found a sparkling altar of Nemelex Xobeh.
  1604 | D:2      | Noticed a dagger
  1606 | D:2      | Noticed a dagger
  1607 | D:2      | Found a hide-covered altar of Uskayaw.
  1630 | D:2      | Reached skill level 4 in Unarmed Combat
  1695 | D:2      | Reached XP level 4. HP: 34/38 MP: 3/3
  2052 | D:3      | Reached skill level 1 in Armour
  2314 | D:3      | Reached XP level 5. HP: 28/45 MP: 4/4
  2503 | D:3      | Noticed Anna's ghost (weakling OgAM)
  2520 | D:3      | Killed Anna's ghost
  2560 | D:3      | Reached skill level 5 in Unarmed Combat
  2688 | D:3      | Found a sacrificial altar of Ru.
  2842 | D:4      | Reached XP level 6. HP: 47/51 MP: 5/5
  2913 | D:4      | Found a bloodstained altar of Trog.
  2917 | D:4      | Became a worshipper of Trog the Wrathful
  2917 | D:4      | Reached * piety under Trog
  2917 | D:4      | Reached ** piety under Trog
  3126 | D:4      | Shot with a stone by a goblin

Vault maps used:
D:1:      minmay_arrival_plants_in_alcoves, corner_web_ring
D:2:      dancing_weapons_uskayaw, lemuel_round_altar, ashenzari_altar_1
D:3:      nicolae_ru_the_path_less_chosen, minmay_rat_hole
D:4:      kennysheep_goblin_castle, xom_redecorated, kennysheep_mini,
          first_bread, gup_ossuary_entry_pyramid, st_stairs_1,
          kennysheep_generic_room_11

Skill      XL: |  1  2  3  4  5  6 |
---------------+-------------------+-----
Dodging        | 3 |  3.9
Unarmed Combat | 4 5 |  5.9
Armour         | 1 2 |  2.2
Stealth        | 3 |  3.0
Fighting       | |  3.7

Action                   |  1- 3 |  4- 6 || total
-------------------------+-------+-------++-------
Melee: Unarmed           |   117 |   203 ||   320
       Punch             |     1 |     4 ||     5
  Use: Scroll            |     6 |     2 ||     8
 Stab: Sleeping          |     2 |     2 ||     4
  Eat: Chunk             |    30 |    39 ||    69
       Beef jerky        |       |     2 ||     2
       Meat ration       |       |     1 ||     1
Armor: Robe              |     1 |       ||     1
       Leather armour    |    38 |       ||    38
       Ring mail         |     1 |    61 ||    62
Dodge: Dodged            |    69 |   138 ||   207
